 Dungeon Crawl Stone Soup version 0.27.1-1-g398f81649c (webtiles) character file.

Game seed: 4299394868322904403

31 Icepheonix32 the Sneak (level 3, -2/23 HPs)
             Began as a Kobold Delver on Sept 18, 2021.
             Slain by an ogre (11 damage)
             ... on level 6 of the Dungeon.
             The game lasted 00:00:26 (259 turns).

Icepheonix32 the Sneak (Kobold Delver)               Turns: 259, Time: 00:00:27

Health: -2/23      AC:  3    Str:  9    XL:     3   Next: 40%
Magic:  3/3        EV: 15    Int: 11    God:
Gold:   13         SH:  0    Dex: 17    Spells: 2/2 levels left

rFire    . . .     SeeInvis .   a - +0 short sword
rCold    . . .     Faith    .   (shield restricted)
rNeg     . . .     Spirit   .   b - +0 leather armour
rPois    .         Reflect  .   (no helmet)
rElec    .         Harm     .   (no cloak)
rCorr    .         Rampage  .   (no gloves)
Will     .....                  (no boots)
Stlth    +++++.....             (no amulet)
HPRegen  0.07/turn              (no ring)
MPRegen  0.08/turn              (no ring)

@: no status effects
A: small, no large weapons, nightstalker 3
a: no special abilities


You were on level 6 of the Dungeon.
You visited 1 branch of the dungeon, and saw 2 of its levels.

You collected 13 gold pieces.

Inventory:

Hand Weapons
 a - a +0 short sword (weapon)
Armour
 b - a +0 leather armour (worn)
Wands
 g - a wand of digging (3)
Scrolls
 c - a scroll of fog
 d - a scroll of magic mapping
 e - a scroll of fear
 h - a scroll of amnesia {unknown}


   Skills:
 - Level 3.2 Fighting
 - Level 2.6 Short Blades
 * Level 3.0 Dodging
 + Level 7.6 Stealth


You had 2 spell levels left.
You didn't know any spells.
Your spell library was empty.

Dungeon Overview and Level Annotations

Branches:
Dungeon (6/15)
 Temple: D:4-7

Altars:


Innate Abilities, Weirdness & Mutations

You are small and have problems with some larger weapons.
You are completely attuned to the shadows.


Message History

The hound is severely wounded.
The hound bites you but does no damage.
You hit the hound.
The hound is almost dead.
The hound bites you but does no damage.
You hit the hound but do no damage.
The hound is almost dead.
The hound bites you but does no damage.
You miss the hound.
The hound is almost dead.
The hound misses you.
You hit the hound.
You kill the hound!
Your Dodging skill increases to level 3!
Your Stealth skill increases to level 7!
You have reached level 2!
You have reached level 3!
Your experience leads to an increase in your attributes!
Increase (S)trength, (I)ntelligence, or (D)exterity?
You feel agile.
Your extra speed is starting to run out.
You feel yourself slow down.
HP restored.
You see here a hound corpse.
An ogre comes into view. It is wielding a +0 giant spiked club.
The ogre shouts!
The ogre completely misses you.
You hit the ogre but do no damage. The ogre completely misses you.
You hit the ogre but do no damage. The ogre closely misses you.
You hit the ogre.
The ogre is lightly wounded.
You hit the ogre but do no damage.
The ogre is lightly wounded.
The ogre barely misses you.
You hit the ogre but do no damage.
The ogre is lightly wounded.
The ogre hits you with a +0 giant spiked club!
Ouch! That really hurt!
The ogre hits you with a +0 giant spiked club!
You die...

#.#.# ###
#.#.# ...##
##.#.#
##...###....#
##.....##.O.#
#........@#.#
#.....##...#
#....###.###
#.#.## #.# #
#.# #.# #.#
#.#.# #.#.#
#.#.#


You could see an ogre.

Vanquished Creatures
  A hound (D:6)
1 creature vanquished.

Notes
Turn   | Place    | Note
-------+----------+-------------------------------------------
     0 | D:5      | Icepheonix32 the Kobold Delver began the quest for the Orb.
     0 | D:5      | Reached XP level 1. HP: 14/14 MP: 1/1
    11 | D:5      | Noticed a hound
    14 | D:5      | Noticed a scorpion
    44 | D:6      | Killed a hound
    45 | D:6      | Reached skill level 7 in Stealth
    45 | D:6      | Reached XP level 2. HP: 8/19 MP: 2/2
    45 | D:6      | Reached XP level 3. HP: 10/23 MP: 3/3
   248 | D:6      | Noticed an ogre
   259 | D:6      | Slain by an ogre

Illustrated notes

Levels and vault maps discovered:
D:5:      layout_loops_ring
D:6:      minmay_chambers_of_threes, layout_loops_ring,
          minmay_temple_entry_overgrown, hangedman_decor_push,
          minmay_manual_mares, uniq_blork_the_orc

Skill      XL: |  1 |
---------------+----+-----
Dodging        | 3 |  3.0
Stealth        | 7 |  7.6
Fighting       | |  3.2
Short Blades   | |  2.6

Action                   || total
-------------------------++-------
Melee: Short sword       ||    21
  Use: Potion            ||     1
Armor: Leather armour    ||    10
Dodge: Dodged            ||    13
